 Dungeon Crawl Stone Soup version 0.24.0-2-g5b39cebb1c (console) character file.

Game seed: 12825689492871565165, levelgen mode: deterministic

252 AlterAsc the Magician (level 5, -7/30 HPs)
             Began as a Deep Elf Wizard on Oct 29, 2019.
             Killed by nerve-wracking pain
             ... invoked by Menkaure
              (9 damage)
             ... on level 4 of the Dungeon.
             The game lasted 00:14:28 (4281 turns).

AlterAsc the Magician (Deep Elf Wizard)             Turns: 4281, Time: 00:14:28

Health: -7/30      AC:  7    Str:  4      XL:     5   Next: 89%
Magic:  2/15       EV: 13    Int: 27      God:
Gold:   151        SH:  0    Dex: 11 (13) Spells: 7/15 levels left

rFire    . . .     SeeInvis .   v - +0 dagger (protect)
rCold    . . .     Gourm    .   (no shield)
rNeg     . . .     Faith    .   a - +0 robe
rPois    .         Spirit   .   w - +0 helmet
rElec    .         Reflect  .   u - +2 cloak
rCorr    +         Harm     .   y - +0 pair of gloves
MR       .....                  (no boots)
Stlth    ++........             (no amulet)
HPRegen  0.10/turn              e - ring of resist corrosion
MPRegen  0.14/turn              s - +3 ring of intelligence

@: no status effects
A: no striking features
a: no special abilities


You were on level 4 of the Dungeon.
You were not hungry.

You visited 1 branch of the dungeon, and saw 4 of its levels.

You collected 151 gold pieces.

Inventory:

Hand Weapons
 v - a +0 dagger of protection (weapon)
Armour
 a - a +0 robe (worn)
 b - a +0 hat
 k - a +0 pair of gloves
 u - a +2 cloak (worn)
 w - a +0 helmet (worn)
 x - a scarf of repulsion
 y - a +0 pair of gloves (worn)
Jewellery
 e - a ring of resist corrosion (left hand)
 f - an uncursed ring of resist corrosion
 s - a +3 ring of intelligence (right hand)
Scrolls
 g - 6 scrolls of identify {unknown}
 i - a scroll of blinking {unknown}
 l - a scroll of enchant weapon {unknown}
 m - 2 scrolls of enchant armour {unknown}
 o - a scroll of teleportation {unknown}
 q - a scroll of noise {unknown}
Potions
 c - a potion of brilliance
 h - a potion of flight {unknown}
 j - a potion of resistance {unknown}
 n - a potion of degeneration
 p - a potion of cancellation {unknown}
 r - a potion of lignification {unknown}
 t - a potion of haste {unknown}
Comestibles
 d - 8 rations
 z - 2 chunks of flesh


   Skills:
 + Level 1.7 Fighting
 + Level 4.0 Dodging
 - Level 3.0 Stealth
 + Level 5.6 Spellcasting
 + Level 3.0 Conjurations
 * Level 1.1 Hexes
   Level 1.1 Summonings
 + Level 2.2 Translocations


You had 7 spell levels left.
You knew the following spells:

 Your Spells              Type           Power        Failure   Level  Hunger
a - Magic Dart            Conj           ###.         1%          1    None
b - Blink                 Tloc           N/A          4%          2    None
c - Slow                  Hex            ##......     6%          2    None
d - Conjure Flame         Conj/Fire      ###.....     11%         3    None

Your spell library contained the following spells:

 Spells                   Type           Power        Failure   Level  Hunger
 Call Imp                 Summ           ##......     6%          2    None
 Mephitic Cloud           Conj/Pois/Air  ##......     14%         3    None


Dungeon Overview and Level Annotations

Branches:
Dungeon (4/15)
 Temple: D:4-7

Altars:
Nemelex Xobeh
The Shining One

Annotations:
D:4 Menkaure


Message History

Casting: Slow (safe; 6% risk of failure)
Confirm with . or Enter, or press ? or * to list all spells.
You blink.
Casting: Blink (safe; 4% risk of failure)
Confirm with . or Enter, or press ? or * to list all spells.
You blink.
There is a fountain of sparkling water here.
Menkaure gestures at you while chanting.
Pain shoots through your body!
* * * LOW HITPOINT WARNING * * *
Menkaure is no longer moving quickly.
Menkaure calls on the powers of darkness!
You feel a surge of unholy energy.
Menkaure gestures wildly while chanting.
Menkaure seems to speed up.
Menkaure calls on the powers of darkness!
You feel a surge of unholy energy.
Menkaure points at you and mumbles some strange words.
Pain shoots through your body!
You die...

#.# ##.##...#.##
#.# #..⌠.⌠.#.# #.#
#..._..#.# #.#
#.#⌠.⌠##M## #.# #.#
##.....##... #.#
#.###.###..#####
##.##########.##M##
##.#
#..........#....##
##.#
#..##......@....#
...
#..##.####.#....#
.##.
#..#.#.###.......#
#...###.#####.....#
#.##.#..# ######...
#.###.#.# #.. #.#
#.#.# ### #.# #.#.#
#.# #.#.#


You could see Menkaure.

Vanquished Creatures
  An orc priest (D:3)
  A bullfrog skeleton (D:3)
  An iguana (D:3)
  A worker ant (D:4)
  6 adders
  An ooze (D:3)
  2 worms (D:3)
  3 dart slugs
  A leopard gecko (D:4)
  5 orcs
  8 bats
  5 giant cockroaches
  8 goblins
  7 hobgoblins
  8 jackals
  A quokka (D:3)
  2 ball pythons
  5 frilled lizards
  4 kobolds
  4 rats (D:3)
74 creatures vanquished.

Notes
Turn   | Place    | Note
-------+----------+-------------------------------------------
     0 | D:1      | AlterAsc the Deep Elf Wizard began the quest for the Orb.
     0 | D:1      | Reached XP level 1. HP: 10/10 MP: 7/7
   221 | D:1      | Reached XP level 2. HP: 15/15 MP: 5/9
  1289 | D:2      | Reached XP level 3. HP: 19/19 MP: 9/11
  2054 | D:3      | Reached skill level 5 in Spellcasting
  2063 | D:3      | Learned a level 2 spell: Blink
  2066 | D:3      | Learned a level 2 spell: Slow
  2070 | D:3      | Learned a level 3 spell: Conjure Flame
  2104 | D:3      | Found a glowing golden altar of the Shining One.
  2152 | D:3      | Reached skill level 1 in Fighting
  2152 | D:3      | Reached XP level 4. HP: 16/25 MP: 0/13
  2830 | D:3      | Reached XP level 5. HP: 21/29 MP: 2/14
  3067 | D:3      | Found a sparkling altar of Nemelex Xobeh.
  3850 | D:4      | Reached skill level 1 in Hexes
  4196 | D:4      | Found a sparkling altar of Nemelex Xobeh.
  4238 | D:4      | Noticed Menkaure
  4281 | D:4      | Killed from afar by Menkaure

Levels and vault maps discovered:
D:1:      mrwooster_arrival_statue_3, layout_basic
D:2:      layout_basic, minmay_octomino_j4
D:3:      layout_basic, old_standard_altar, nrook_campfire,
          chequers_serial_rivers_micro_c, nemelex_dance_club_becter
D:4:      layout_loops_ring, nemelex_xobeh_ov_fountains_minmay, uniq_menkaure

Skill      XL: |  1  2  3  4  5 |
---------------+----------------+-----
Stealth        | 3 |  3.0
Dodging        | 3 4 |  4.0
Conjurations   | 2 3 |  3.0
Spellcasting   | 5 |  5.6
Fighting       | 1 |  1.7
Translocations | 2 |  2.2
Hexes          | 1 |  1.1
Summonings     | |  1.1

Action                   |  1- 3 |  4- 6 || total
-------------------------+-------+-------++-------
Melee: Unarmed           |     1 |     3 ||     4
       Dagger            |       |     1 ||     1
 Cast: Magic Dart        |    99 |   123 ||   222
       Slow              |       |     4 ||     4
       Blink             |       |     2 ||     2
       Conjure Flame     |       |     1 ||     1
  Use: Potion            |       |     3 ||     3
  Eat: Chunk             |     4 |     6 ||    10
Armor: Robe              |     5 |    14 ||    19
Dodge: Dodged            |    21 |    43 ||    64
